 Dungeon Crawl Stone Soup version 0.29-a0-72-g1732ff48e7 (webtiles) character file.

Game seed: 7854666657007793743

177 gruber the Skirmisher (level 5, 0/85 HPs)
             Began as an Ogre Hedge Wizard on Feb 3, 2022.
             Slain by a water moccasin (8 damage)
             ... on level 4 of the Dungeon.
             The game lasted 00:05:48 (4518 turns).

gruber the Skirmisher (Ogre Hedge Wizard)           Turns: 4518, Time: 00:05:48

Health: 0/85       AC:  3    Str: 14    XL:     5   Next: 57%
Magic:  5/11       EV:  9    Int: 17    God:
Gold:   116        SH:  0    Dex:  8    Spells: 4/12 levels left

rFire   . . .      SeeInvis .   d - +0 rapier
rCold   . . .      Faith    .   (no shield)
rNeg    . . .      Spirit   .   b - +0 robe
rPois   .          Reflect  .   c - +0 hat
rElec   .          Harm     .   (no cloak)
rCorr   .          Rampage  .   (gloves unavailable)
Will    .....                   (boots unavailable)
Stlth   ..........              (no amulet)
HPRegen 0.24/turn               u - ring of flight
MPRegen 0.12/turn               (no ring)

@: berserking, lethally poisoned (0 -> -7), attractive, flying, very quick
A: large, unfitting armour, tough skin 1
a: no special abilities


You were on level 4 of the Dungeon.
You visited 1 branch of the dungeon, and saw 4 of its levels.

You collected 116 gold pieces.

Inventory:

Hand Weapons
 a - a +0 dagger
 d - a +0 rapier (weapon)
Missiles
 f - 7 poisoned darts
Armour
 b - a +0 robe (worn)
 c - a +0 hat (worn)
Jewellery
 u - a ring of flight (left hand)
Scrolls
 e - a scroll of enchant armour {unknown}
 g - a scroll of brand weapon {unknown}
 h - a scroll of enchant weapon {unknown}
 i - 2 scrolls of identify {unknown}
 j - 2 scrolls of fog {unknown}
 m - a scroll of magic mapping {unknown}
 n - a scroll of fear {unknown}
Potions
 p - a potion of brilliance {unknown}
 q - a potion of curing {unknown}
 r - a potion of ambrosia {unknown}
 s - a potion of lignification {unknown}
 t - a potion of flight {unknown}


   Skills:
 - Level 5.1 Fighting
 - Level 1.7 Dodging
 - Level 1.4 Stealth
 - Level 4.0 Spellcasting
 + Level 1.8 Conjurations
 + Level 2.0 Summonings
 - Level 1.0 Translocations


You had 4 spell levels left.
You knew the following spells:

 Your Spells              Type           Power      Damage    Failure   Level
a - Magic Dart            Conj           36%        1d4       8%          1
b - Blink                 Tloc           12%        N/A       16%         2
c - Call Imp              Summ           10%        N/A       11%         2
d - Mephitic Cloud        Conj/Pois/Air  5%         N/A       36%         3

Your spell library contained the following spells:

 Spells                   Type           Power      Damage    Failure   Level
 Slow                     Hex            12%        N/A       16%         1
 Conjure Flame            Conj/Fire      6%         6-21      32%         3


Dungeon Overview and Level Annotations

Branches:
Dungeon (4/15)
 Temple: D:4-7

Altars:
Xom


Innate Abilities, Weirdness & Mutations

You are too large for most types of armour.
You have tough skin. (AC +1)


Message History

The magic dart hits the water moccasin.
The water moccasin is moderately wounded.
You feel sick.
The water moccasin bites you but does no damage.
The adder bites you.
* * * LOW HITPOINT WARNING * * *
You are more poisoned.
The adder poisons you! The water moccasin bites you.
* * * LOW HITPOINT WARNING * * *
You are lethally poisoned!
The water moccasin poisons you!
Your crimson imp barely misses the water moccasin.
It was a potion of cancellation.
You feel magically purged.
* * * LOW HITPOINT WARNING * * *
You feel very sick. The adder completely misses you.
The water moccasin bites you but does no damage.
The adder closely misses you.
Your crimson imp hits the water moccasin.
Unknown command.
It was a potion of attraction.
You feel attractive to monsters.
* * * LOW HITPOINT WARNING * * *
You feel very sick.
The water moccasin bites you but does no damage.
The adder closely misses you.
Your crimson imp hits the water moccasin but does no damage.
It was a potion of berserk rage.
A red film seems to cover your vision as you go berserk!
You feel yourself moving faster!
You feel mighty!
* * * LOW HITPOINT WARNING * * *
You feel very sick. The water moccasin barely misses you.
The adder bites you but does no damage. The water moccasin barely misses you.
Your crimson imp completely misses the water moccasin.
You completely miss the water moccasin.
The water moccasin is moderately wounded.
* * * LOW HITPOINT WARNING * * *
You feel sick. The adder barely misses you. The water moccasin bites you!
You die...

#.# ## ##########.# .##
............ ..
...........# ##.#####
........##.# #......
........##.####..[.
......(......#...# #.#
........#.##.#5<.#.....
........#.##.)S@....#
..$.....#.###.S#.#.....
......$........)....#..
......!.####....)......
.######.# #...........
#.# ..........## #.#
##.........# #.#
#.........# #.#
#)........#


You could see a water moccasin, an adder (ally target) and a friendly crimson
imp (summoned).

Vanquished Creatures
  Terence (D:3)
  An orc wizard (D:3)
  An adder (D:2)
  3 gnolls (D:2)
  A dart slug (D:2)
  6 orcs
  3 endoplasms (D:1)
  2 giant cockroaches
  2 goblins (D:1)
  9 hobgoblins
  3 jackals (D:1)
  3 quokkas
  10 ball pythons
  3 bats
  6 frilled lizards
  4 kobolds
  7 rats
65 creatures vanquished.

Vanquished Creatures (collateral kills)
  An adder (D:3)
  A gnoll (D:2)
2 creatures vanquished.

Grand Total: 67 creatures vanquished

Notes
Turn   | Place    | Note
-------+----------+-------------------------------------------
     0 | D:1      | gruber the Ogre Hedge Wizard began the quest for the Orb.
     0 | D:1      | Reached XP level 1. HP: 16/16 MP: 5/5
    24 | D:1      | Reached skill level 1 in Fighting
    49 | D:1      | Reached skill level 2 in Fighting
    57 | D:1      | Reached XP level 2. HP: 21/28 MP: 6/6
   364 | D:1      | Reached skill level 3 in Fighting
   654 | D:1      | Reached XP level 3. HP: 37/37 MP: 8/8
  1392 | D:2      | Found a faded altar of an unknown god.
  1462 | D:2      | Reached skill level 4 in Fighting
  1675 | D:2      | Learned a level 2 spell: Blink
  1678 | D:2      | Learned a level 2 spell: Call Imp
  1682 | D:2      | Learned a level 3 spell: Mephitic Cloud
  1880 | D:2      | Reached XP level 4. HP: 33/49 MP: 9/9
  2192 | D:2      | Reached skill level 5 in Fighting
  2715 | D:2      | Found a shimmering altar of Xom.
  2814 | D:3      | Reached skill level 1 in Conjurations
  2967 | D:3      | Noticed Terence
  3336 | D:3      | Reached skill level 1 in Summonings
  3541 | D:3      | Reached XP level 5. HP: 34/57 MP: 1/11
  3797 | D:3      | Killed Terence
  3798 | D:3      | Reached skill level 1 in Translocations
  4493 | D:4      | Noticed a water moccasin
  4518 | D:4      | Slain by a water moccasin

Illustrated notes

Levels and vault maps discovered:
D:1:      shiori_arrival_maze, layout_loops_ring
D:2:      layout_basic, nicolae_ecumenical_lake_church, basic_altar,
          minmay_fractal_squares_gapless_5
D:3:      layout_loops_corners, uniq_terence
D:4:      layout_basic, lightli_sewer_entry_pipes, grunt_decor_junction,
          corexii_corridor_pit, minmay_surrounded

Skill      XL: |  1  2  3  4  5 |
---------------+----------------+-----
Fighting       | 2 3 4 5 |  5.1
Spellcasting   | 4 |  4.0
Conjurations   | 1 |  1.8
Summonings     | 1 2 |  2.0
Translocations | 1 |  1.0
Dodging        | |  1.7
Stealth        | |  1.4

Action                   |  1- 3 |  4- 6 || total
-------------------------+-------+-------++-------
Melee: Rapier            |   141 |   103 ||   244
       Punch             |     2 |     1 ||     3
 Cast: Magic Dart        |     7 |    36 ||    43
       Call Imp          |       |     9 ||     9
       Mephitic Cloud    |       |     1 ||     1
  Use: Potion            |       |     3 ||     3
 Stab: Sleeping          |     3 |     1 ||     4
Armor: Robe              |    60 |    34 ||    94
Dodge: Dodged            |    73 |    69 ||   142

Table legend: (Time is in decaauts)
 A = Elapsed time spent in this place.
 B = Non-inter-level travel time spent in this place.
 C = Inter-level travel time spent in this place.
 D = Time resting spent in this place.
 E = Time spent auto-exploring this place.
 F = Levels seen in this place.
 G = Mean time per level.
                   A        B        C        D        E       F      G
               +--------+--------+--------+--------+--------+-----+--------+
         Total |   4569 |   4418 |    151 |    149 |   3485 |   4 | 1142.2 |
       Dungeon |   4569 |   4418 |    151 |    149 |   3485 |   4 | 1142.2 |
               +--------+--------+--------+--------+--------+-----+--------+

Top non-repeatable levels by time:
     D:2: 1574 daAuts
     D:3: 1478 daAuts
     D:1: 1399 daAuts
     D:4: 116 daAuts
